[Event "2nd Irena Warakomska Memorial-B"]
[Site "Suwalki"]
[Date "2018.08.03"]
[Round "3"]
[White "Kowalec, Maciej"]
[Black "Shamatava, Nikolozi"]
[Result "1/2-1/2"]
[ECO "A34"]
[WhiteElo "2065"]
[BlackElo "1676"]
[Annotator "NA"]
[PlyCount "86"]
[EventDate "2018.08.01"]
[EventType "swiss"]
[EventCountry "POL"]
[SourceTitle "playchess.com"]
[Source "ChessBase"]
[SourceQuality "1"]
[TimeControl "40/5400+30:1800+30"]

1. c4 Nf6 2. Nc3 c5 3. g3 g6 4. Bg2 Bg7 5. d3 O-O 6. e4 d6 7. Nge2 Nc6 8. O-O a6 9. h3 Nd4 10. Be3 Nxe2+ 11. Qxe2 Rb8 12. a4 Ne8 13. Qd2 Nc7 14. Bh6 b5 15. Bxg7 Kxg7 16. axb5 axb5 17. b3 b4 18. Ne2 e5 19. f4 f6 20. Ra7 Ba6 21. Qe3 Rb6 22. fxe5 fxe5 23. Rxf8 Kxf8 24. d4 exd4 25. Nxd4 Kg8 26. e5 Qb8 27. Nc6 Rxc6 28. Bxc6 Qxa7 29. exd6 Bb7 30. dxc7 Qa1+ 31. Kf2 Qb2+ 32. Qe2 Qd4+ 33. Qe3 Qb2+ 34. Ke1 Qa1+ 35. Ke2 Qb2+ 36. Qd2 Qe5+ 37. Kd1 Qa1+ 38. Qc1 Qd4+ 39. Qd2 Qa1+ 40. Ke2 Qe5+ 41. Qe3 Qb2+ 42. Kd1 Qa1+ 43. Ke2 Qb2+ 1/2-1/2

[Event "2nd Irena Warakomska Memorial-B"]
[Site "Suwalki"]
[Date "2018.08.03"]
[Round "3"]
[White "Rudzinska, Michalina"]
[Black "Sukhimski, Vladimir"]
[Result "1-0"]
[ECO "B57"]
[WhiteElo "2003"]
[BlackElo "2083"]
[Annotator "NA"]
[PlyCount "85"]
[EventDate "2018.08.01"]
[EventType "swiss"]
[EventCountry "POL"]
[SourceTitle "playchess.com"]
[Source "ChessBase"]
[SourceQuality "1"]
[TimeControl "40/5400+30:1800+30"]

1. e4 c5 2. Nf3 Nc6 3. d4 cxd4 4. Nxd4 Nf6 5. Nc3 d6 6. Bc4 Qb6 7. Nxc6 bxc6 8. O-O e5 9. Bb3 Be7 10. Bg5 Ba6 11. Re1 O-O 12. Qf3 h6 13. Be3 Qc7 14. Rad1 Rab8 15. Ne2 d5 16. Ng3 Bc8 17. h3 Be6 18. exd5 cxd5 19. Nf5 e4 20. Nxe7+ Qxe7 21. Qg3 Kh7 22. Bd4 Rfd8 23. f3 exf3 24. Qxf3 Ne4 25. c4 f5 26. cxd5 Rxb3 27. axb3 Rxd5 28. Bf2 Qf7 29. Rxd5 Bxd5 30. Ra1 a6 31. Ra5 Nc5 32. Qf4 Nd3 33. Qd4 Be4 34. Rxa6 Qh5 35. Re6 Qd1+ 36. Kh2 Nxf2 37. Qxf2 Qxb3 38. Re7 Qb8+ 39. Qg3 Qf8 40. Qe5 h5 41. b4 h4 42. b5 Kh6 43. b6 1-0

[Event "2nd Irena Warakomska Memorial-B"]
[Site "Suwalki"]
[Date "2018.08.03"]
[Round "3"]
[White "Milanowski, Jan"]
[Black "Samborski, Henryk"]
[Result "1/2-1/2"]
[ECO "A03"]
[WhiteElo "1774"]
[BlackElo "2098"]
[Annotator "NA"]
[PlyCount "41"]
[EventDate "2018.08.01"]
[EventType "swiss"]
[EventCountry "POL"]
[SourceTitle "playchess.com"]
[Source "ChessBase"]
[SourceQuality "1"]
[TimeControl "40/5400+30:1800+30"]

1. f4 d5 2. Nf3 c5 3. e3 Nc6 4. b3 Nf6 5. Bb2 Bf5 6. Bb5 Qb6 7. Bxc6+ Qxc6 8. Ne5 Qc8 9. d3 Ng4 10. Qf3 Nxe5 11. Bxe5 Qc6 12. Nd2 f6 13. Bb2 O-O-O 14. h3 Kb8 15. g4 Bc8 16. O-O-O e6 17. Rhg1 h6 18. h4 b6 19. Qf2 Qc7 20. Qf3 Qc6 21. Qf2 1/2-1/2

[Event "2nd Irena Warakomska Memorial-B"]
[Site "Suwalki"]
[Date "2018.08.03"]
[Round "4"]
[White "Rak, Tomasz"]
[Black "Rudzinska, Michalina"]
[Result "1/2-1/2"]
[ECO "A04"]
[WhiteElo "2007"]
[BlackElo "2003"]
[Annotator "NA"]
[PlyCount "124"]
[EventDate "2018.08.01"]
[EventType "swiss"]
[EventCountry "POL"]
[SourceTitle "playchess.com"]
[Source "ChessBase"]
[SourceQuality "1"]
[TimeControl "40/5400+30:1800+30"]

1. Nf3 c5 2. c4 e6 3. d4 cxd4 4. Nxd4 a6 5. Nc3 Qc7 6. e4 Nf6 7. Nc2 b6 8. Be3 d6 9. f3 Bb7 10. Qd2 Nbd7 11. Bf2 Rc8 12. Rc1 Be7 13. Be2 O-O 14. O-O Qb8 15. Rfd1 Rfd8 16. Ne3 Ne5 17. Qe1 Rd7 18. Rc2 Bd8 19. Kh1 Bc7 20. Bg1 Rcd8 21. Rcd2 Kh8 22. Bf1 g5 23. h3 Rg8 24. Ng4 Nfxg4 25. fxg4 Rg6 26. Bd4 Rd8 27. Na4 Bc6 28. Nc3 Kg8 29. Qe2 Re8 30. b4 Ba8 31. Na4 d5 32. c5 b5 33. Nb6 Bc6 34. Bxe5 Bxe5 35. exd5 exd5 36. Nxd5 Bxd5 37. Rxd5 Bc3 38. Qxe8+ Qxe8 39. Rd8 Kf8 40. Rxe8+ Kxe8 41. a3 Re6 42. Rd3 Bb2 43. Rb3 Bd4 44. Rd3 Bb2 45. Rb3 Bd4 46. g3 Re3 47. Rxe3+ Bxe3 48. a4 bxa4 49. Bxa6 a3 50. Bc4 f6 51. Kg2 Kd7 52. Kf3 Bd2 53. b5 Bb4 54. c6+ Kd6 55. Ke4 Bc3 56. h4 gxh4 57. gxh4 Be1 58. h5 h6 59. Kd3 Bg3 60. Kc2 Kc5 61. Kb3 Bd6 62. Bd3 Kb6 1/2-1/2

[Event "2nd Irena Warakomska Memorial-B"]
[Site "Suwalki"]
[Date "2018.08.03"]
[Round "4"]
[White "Kaminski, Maciej"]
[Black "Kowalec, Maciej"]
[Result "0-1"]
[ECO "B09"]
[WhiteElo "1955"]
[BlackElo "2065"]
[Annotator "NA"]
[PlyCount "102"]
[EventDate "2018.08.01"]
[EventType "swiss"]
[EventCountry "POL"]
[SourceTitle "playchess.com"]
[Source "ChessBase"]
[SourceQuality "1"]
[TimeControl "40/5400+30:1800+30"]

1. e4 d6 2. d4 Nf6 3. Nc3 g6 4. f4 Bg7 5. Nf3 c5 6. Bb5+ Nfd7 7. Be3 Qa5 8. Qd2 a6 9. Be2 b5 10. h4 Bb7 11. d5 Nf6 12. Nd1 Qa4 13. Nc3 Nxe4 14. Nxa4 Nxd2 15. Nxd2 bxa4 16. Nc4 Nd7 17. O-O-O Rb8 18. Na5 Ba8 19. b3 axb3 20. axb3 Nf6 21. Bf3 h5 22. c4 Ng4 23. Bg1 Bc3 24. Nc6 Rxb3 25. Kc2 Ra3 26. Rd3 Bxc6 27. dxc6 Bb4 28. Bxc5 Rxd3 29. Bxb4 Rd4 30. Bc3 Rxc4 31. Kd3 Rxc3+ 32. Kxc3 O-O 33. Rb1 Rc8 34. Rb7 Nf6 35. Kb4 Kf8 36. Ka5 d5 37. Kb6 Ke8 38. Be2 d4 39. Bxa6 Nd5+ 40. Kc5 Nxf4 41. Kxd4 Ne6+ 42. Ke5 f6+ 43. Kd5 Nc7+ 44. Rxc7 Rxc7 45. Bb7 e5 46. Kd6 Kd8 47. Kd5 Ke7 48. Ba8 Ra7 49. Bb7 Ra5+ 50. Kc4 Kd6 51. Kb4 Rc5 0-1

[Event "2nd Irena Warakomska Memorial-B"]
[Site "Suwalki"]
[Date "2018.08.03"]
[Round "4"]
[White "Milanowski, Jan"]
[Black "Mazalon, Mariusz"]
[Result "1/2-1/2"]
[ECO "A40"]
[WhiteElo "1774"]
[BlackElo "2055"]
[Annotator "NA"]
[PlyCount "54"]
[EventDate "2018.08.01"]
[EventType "swiss"]
[EventCountry "POL"]
[SourceTitle "playchess.com"]
[Source "ChessBase"]
[SourceQuality "1"]
[TimeControl "40/5400+30:1800+30"]

1. d4 g6 2. Bf4 Bg7 3. c3 Nf6 4. Nf3 d6 5. h3 b6 6. e3 Bb7 7. Nbd2 Nbd7 8. Be2 c5 9. O-O O-O 10. a4 a6 11. Bh2 Ra7 12. Re1 Qa8 13. Bf1 Bc6 14. Qb3 b5 15. a5 c4 16. Qd1 Ne4 17. Nxe4 Bxe4 18. Nd2 Bb7 19. f3 e5 20. Nb1 Bc8 21. Na3 Re8 22. Nc2 Rc7 23. Nb4 Bb7 24. Qd2 Nf6 25. Rad1 Rd7 26. Qf2 h6 27. Kh1 Qd8 1/2-1/2

[Event "2nd Irena Warakomska Memorial-B"]
[Site "Suwalki"]
[Date "2018.08.03"]
[Round "4"]
[White "Shamatava, Nikolozi"]
[Black "Nikitin, Aleksander I"]
[Result "1/2-1/2"]
[ECO "A40"]
[WhiteElo "1676"]
[BlackElo "2036"]
[Annotator "NA"]
[PlyCount "87"]
[EventDate "2018.08.01"]
[EventType "swiss"]
[EventCountry "POL"]
[SourceTitle "playchess.com"]
[Source "ChessBase"]
[SourceQuality "1"]
[TimeControl "40/5400+30:1800+30"]

1. d4 b5 2. Bf4 Bb7 3. e3 e6 4. Nf3 a6 5. Nbd2 Nf6 6. Bd3 c5 7. c3 Be7 8. O-O Nh5 9. Bg3 Nxg3 10. fxg3 Nc6 11. Kh1 O-O 12. Qe2 d6 13. Rf2 Qc7 14. Raf1 Nd8 15. e4 cxd4 16. cxd4 Qb6 17. Nb3 Nc6 18. h3 e5 19. d5 Nb4 20. Bb1 a5 21. Qd2 f5 22. a3 fxe4 23. Bxe4 Na6 24. Nh4 Rxf2 25. Rxf2 a4 26. Nf5 Bf8 27. Nc1 Rc8 28. Nd3 Nc5 29. Nxc5 Qxc5 30. Rf1 Qc4 31. Re1 g6 32. Nh4 Qc7 33. Nf3 Qe7 34. g4 Rc5 35. Rf1 Qf6 36. Nh2 Qe7 37. g5 Bc8 38. h4 Rc4 39. Qe2 Bd7 40. Ng4 Bxg4 41. Qxg4 Qe8 42. Qf3 Be7 43. g4 b4 44. Rf2 1/2-1/2

[Event "2nd Irena Warakomska Memorial-B"]
[Site "Suwalki"]
[Date "2018.08.04"]
[Round "5"]
[White "Kindler, Przemyslaw"]
[Black "Koziej, Maciej"]
[Result "0-1"]
[ECO "B30"]
[WhiteElo "2086"]
[BlackElo "2027"]
[Annotator "NA"]
[PlyCount "96"]
[EventDate "2018.08.01"]
[EventType "swiss"]
[EventCountry "POL"]
[SourceTitle "playchess.com"]
[Source "ChessBase"]
[SourceQuality "1"]
[TimeControl "40/5400+30:1800+30"]

1. e4 c5 2. Nf3 Nc6 3. d3 g6 4. g3 Bg7 5. Bg2 d6 6. c3 e5 7. O-O Nge7 8. Be3 O-O 9. Na3 h6 10. Qd2 Kh7 11. d4 exd4 12. cxd4 d5 13. exd5 Nxd5 14. Rad1 Nxe3 15. fxe3 cxd4 16. exd4 Bg4 17. Kh1 Bxf3 18. Bxf3 Nxd4 19. Bxb7 Rb8 20. Bg2 Nf5 21. Nc4 Qc7 22. b3 Rbd8 23. Qf2 Bd4 24. Qf3 h5 25. Bh3 Nh6 26. Rd3 Qe7 27. Na5 Bb6 28. Rxd8 Qxd8 29. Nc6 Qd2 30. Ne5 Qd4 31. Nd7 Rd8 32. Rd1 Qb2 33. a4 Kg7 34. Rf1 Re8 35. Bg2 Bd4 36. Qd5 Re2 37. Qa8 Rf2 38. Re1 Ng4 39. Qf8+ Kh7 40. Qe7 Bg7 41. Qe4 Rd2 42. Qb7 Qd4 43. Nf8+ Bxf8 44. Qxf7+ Bg7 45. h3 Nh6 46. Qb7 Nf5 47. g4 hxg4 48. Be4 Ng3# 0-1

[Event "2nd Irena Warakomska Memorial-B"]
[Site "Suwalki"]
[Date "2018.08.04"]
[Round "5"]
[White "Kowalec, Maciej"]
[Black "Rudzinska, Michalina"]
[Result "1-0"]
[ECO "A45"]
[WhiteElo "2065"]
[BlackElo "2003"]
[Annotator "NA"]
[PlyCount "109"]
[EventDate "2018.08.01"]
[EventType "swiss"]
[EventCountry "POL"]
[SourceTitle "playchess.com"]
[Source "ChessBase"]
[SourceQuality "1"]
[TimeControl "40/5400+30:1800+30"]

1. d4 Nf6 2. Bg5 e6 3. e3 c5 4. Nf3 Be7 5. c4 cxd4 6. exd4 O-O 7. Nc3 d5 8. Be2 a6 9. c5 b6 10. b4 Ne4 11. Bxe7 Qxe7 12. Na4 Nd7 13. O-O Bb7 14. a3 bxc5 15. bxc5 e5 16. Nb6 Nxb6 17. cxb6 Nc3 18. Qd2 Nxe2+ 19. Qxe2 e4 20. Ne5 Qd6 21. Rfb1 f6 22. Ng4 Rfc8 23. Qb2 Rc6 24. a4 a5 25. Ne3 Ra6 26. Qb5 Rc8 27. g3 g6 28. Ra2 f5 29. Rc2 Rxc2 30. Nxc2 Ra8 31. Qc5 Qc6 32. Rb5 Kf7 33. Ne3 Ke6 34. Rxa5 Rxa5 35. Qxa5 g5 36. Qc5 Qxc5 37. dxc5 d4 38. Nc4 d3 39. Kf1 Kd5 40. Nd6 Ba6 41. Ke1 Kxc5 42. b7 Bxb7 43. Nxb7+ Kb4 44. Nd6 Kxa4 45. Nxf5 Kb3 46. Nd6 Kc2 47. Nxe4 g4 48. Nd2 h5 49. f4 gxf3 50. Nxf3 d2+ 51. Nxd2 Kd3 52. Nf1 Ke4 53. Kf2 Kf5 54. Kf3 Kg5 55. Ne3 1-0

[Event "2nd Irena Warakomska Memorial-B"]
[Site "Suwalki"]
[Date "2018.08.04"]
[Round "5"]
[White "Mazalon, Mariusz"]
[Black "Litner, Igor"]
[Result "1/2-1/2"]
[ECO "A80"]
[WhiteElo "2055"]
[BlackElo "1990"]
[Annotator "NA"]
[PlyCount "59"]
[EventDate "2018.08.01"]
[EventType "swiss"]
[EventCountry "POL"]
[SourceTitle "playchess.com"]
[Source "ChessBase"]
[SourceQuality "1"]
[TimeControl "40/5400+30:1800+30"]

1. d4 f5 2. Nf3 Nf6 3. g3 e6 4. Bg2 d5 5. O-O Bd6 6. c4 c6 7. b3 O-O 8. Ba3 Bxa3 9. Nxa3 Qd6 10. Qc1 Nbd7 11. Qb2 a5 12. Rac1 b6 13. cxd5 exd5 14. Ne5 Bb7 15. Rc2 Qe6 16. Nd3 Ba6 17. Nb1 Bxd3 18. exd3 Rae8 19. Nd2 f4 20. Nf3 fxg3 21. hxg3 Qd6 22. Ne5 Rxe5 23. dxe5 Nxe5 24. d4 Nfg4 25. dxe5 Qh6 26. Re1 Qh2+ 27. Kf1 Qxg3 28. Kg1 Qh2+ 29. Kf1 Qg3 30. Kg1 1/2-1/2

[Event "2nd Irena Warakomska Memorial-B"]
[Site "Suwalki"]
[Date "2018.08.04"]
[Round "5"]
[White "Zianowicz, Dominik"]
[Black "Barchuk, Irina"]
[Result "1-0"]
[ECO "A48"]
[WhiteElo "1950"]
[BlackElo "2061"]
[Annotator "NA"]
[PlyCount "61"]
[EventDate "2018.08.01"]
[EventType "swiss"]
[EventCountry "POL"]
[SourceTitle "playchess.com"]
[Source "ChessBase"]
[SourceQuality "1"]
[TimeControl "40/5400+30:1800+30"]

1. d4 Nf6 2. Nf3 g6 3. c4 Bg7 4. Nc3 O-O 5. Bg5 c5 6. d5 a6 7. e4 d6 8. Qc2 h6 9. Bh4 Qa5 10. Bd3 Bd7 11. O-O b5 12. a3 bxc4 13. Bxc4 Bb5 14. Nd2 Nbd7 15. f4 Rab8 16. Kh1 Qc7 17. Rae1 Rb7 18. a4 Bxc4 19. Nxc4 Rb4 20. b3 Rfb8 21. e5 Ne8 22. Bxe7 Nxe5 23. fxe5 Qxe7 24. exd6 Qd8 25. Ne4 Bd4 26. Qc1 Kg7 27. Rxf7+ Kxf7 28. Qxh6 Bf6 29. Rf1 R8b7 30. Qh7+ Ng7 31. Ne5+ 1-0

[Event "2nd Irena Warakomska Memorial-B"]
[Site "Suwalki"]
[Date "2018.08.04"]
[Round "5"]
[White "Krasiewicz, Robert"]
[Black "Rak, Tomasz"]
[Result "0-1"]
[ECO "A15"]
[WhiteElo "1923"]
[BlackElo "2007"]
[Annotator "NA"]
[PlyCount "120"]
[EventDate "2018.08.01"]
[EventType "swiss"]
[EventCountry "POL"]
[SourceTitle "playchess.com"]
[Source "ChessBase"]
[SourceQuality "1"]
[TimeControl "40/5400+30:1800+30"]

1. c4 Nf6 2. g3 g6 3. Bg2 Bg7 4. Nc3 O-O 5. e4 d6 6. Nge2 e5 7. O-O a5 8. d3 Na6 9. h3 Nd7 10. g4 Ndc5 11. f4 exf4 12. Bxf4 Ne6 13. Be3 c6 14. Qd2 Nac7 15. d4 Qe7 16. Rae1 a4 17. d5 Nc5 18. Bxc5 dxc5 19. dxc6 bxc6 20. e5 Qxe5 21. Bxc6 Ra6 22. Bg2 Ne6 23. Nf4 Qd4+ 24. Qxd4 Bxd4+ 25. Kh1 Nxf4 26. Rxf4 a3 27. Nb5 axb2 28. Nxd4 cxd4 29. Rxd4 Rxa2 30. Rb1 Be6 31. Bf1 Ra1 32. Rdd1 Rfa8 33. Kg2 h5 34. Be2 hxg4 35. hxg4 Rxb1 36. Rxb1 Ra2 37. c5 Kf8 38. Kg3 g5 39. Bd1 Ra1 40. Bc2 Rxb1 41. Bxb1 Ke7 42. Kf3 Kd7 43. Ke3 Bxg4 44. Kd4 Be6 45. Kc3 Kc6 46. Kxb2 Kxc5 47. Kc3 Kd5 48. Kd2 Kd4 49. Ke2 Ke5 50. Kf3 f5 51. Bc2 f4 52. Bd1 g4+ 53. Kg2 Kf5 54. Ba4 Bd5+ 55. Kf1 Kg5 56. Bd7 Kh4 57. Kg1 Kg3 58. Bb5 f3 59. Kf1 f2 60. Ke2 Bg2 0-1

[Event "2nd Irena Warakomska Memorial-B"]
[Site "Suwalki"]
[Date "2018.08.05"]
[Round "6"]
[White "Samborski, Henryk"]
[Black "Czarniecka, Aleksandra"]
[Result "1-0"]
[ECO "B84"]
[WhiteElo "2098"]
[BlackElo "1980"]
[Annotator "NA"]
[PlyCount "117"]
[EventDate "2018.08.01"]
[EventType "swiss"]
[EventCountry "POL"]
[SourceTitle "playchess.com"]
[Source "ChessBase"]
[SourceQuality "1"]
[TimeControl "40/5400+30:1800+30"]

1. e4 c5 2. Nf3 d6 3. d4 cxd4 4. Nxd4 Nf6 5. Nc3 a6 6. Be2 e6 7. O-O Be7 8. f4 Qc7 9. Bf3 O-O 10. Kh1 Nc6 11. Be3 Bd7 12. Nb3 b5 13. a3 Bc8 14. Qe1 Bb7 15. g4 Rfe8 16. g5 Nd7 17. Bg2 b4 18. axb4 Nxb4 19. Qf2 d5 20. e5 a5 21. Rfc1 Bc6 22. Nd4 g6 23. h4 Nc5 24. h5 Ne4 25. Nxe4 dxe4 26. Nxc6 Qxc6 27. Qe2 Bc5 28. Bd2 Qb6 29. Bxe4 Rad8 30. Rf1 Nc6 31. Qg2 Nb4 32. Rf3 Bf8 33. hxg6 hxg6 34. Be3 Qb5 35. Qf1 Qxf1+ 36. Rfxf1 Nd5 37. Bc1 Bc5 38. Rxa5 Be3 39. Bxd5 Bxc1 40. Rxc1 exd5 41. Kg2 Rb8 42. b3 Rec8 43. Rxd5 Rxb3 44. cxb3 Rxc1 45. Rd8+ Kg7 46. Rb8 Rc3 47. b4 Rb3 48. Kf2 Rc3 49. Ke2 Rb3 50. b5 Rb4 51. Ke3 Rb3+ 52. Ke4 Rb4+ 53. Kd5 Rxf4 54. b6 Rg4 55. Rc8 Rb4 56. Kc6 Rc4+ 57. Kb7 Re4 58. Rc5 Rb4 59. Kc7 1-0

[Event "2nd Irena Warakomska Memorial-B"]
[Site "Suwalki"]
[Date "2018.08.05"]
[Round "6"]
[White "Koziej, Maciej"]
[Black "Nikitin, Aleksander I"]
[Result "1/2-1/2"]
[ECO "A46"]
[WhiteElo "2027"]
[BlackElo "2036"]
[Annotator "NA"]
[PlyCount "81"]
[EventDate "2018.08.01"]
[EventType "swiss"]
[EventCountry "POL"]
[SourceTitle "playchess.com"]
[Source "ChessBase"]
[SourceQuality "1"]
[TimeControl "40/5400+30:1800+30"]

1. d4 Nf6 2. Nf3 d6 3. g3 Nbd7 4. Bg2 c6 5. O-O e5 6. c4 Be7 7. Nc3 O-O 8. Qc2 Qc7 9. h3 Re8 10. Be3 b6 11. Rfd1 Bb7 12. Rac1 Rac8 13. g4 Rcd8 14. Qb3 Qb8 15. d5 cxd5 16. cxd5 Rc8 17. g5 Nh5 18. Qa4 Nf8 19. Qh4 g6 20. Nh2 Ng7 21. Be4 Nf5 22. Qg4 Rc4 23. b3 Bc8 24. Qg2 Nxe3 25. fxe3 Rc7 26. Bd3 f5 27. gxf6 Bxf6 28. Ne4 Be7 29. Bb5 Rxc1 30. Rxc1 Nd7 31. Ng4 Rf8 32. b4 Nf6 33. Ngxf6+ Bxf6 34. Rf1 Be7 35. Rxf8+ Kxf8 36. Qf3+ Kg7 37. Be8 Bf5 38. Bc6 Qf8 39. Kg2 a5 40. b5 Bh4 41. Nd2 1/2-1/2

[Event "2nd Irena Warakomska Memorial-B"]
[Site "Suwalki"]
[Date "2018.08.05"]
[Round "6"]
[White "Rak, Tomasz"]
[Black "Kowalec, Maciej"]
[Result "1/2-1/2"]
[ECO "C77"]
[WhiteElo "2007"]
[BlackElo "2065"]
[Annotator "NA"]
[PlyCount "20"]
[EventDate "2018.08.01"]
[EventType "swiss"]
[EventCountry "POL"]
[SourceTitle "playchess.com"]
[Source "ChessBase"]
[SourceQuality "1"]
[TimeControl "40/5400+30:1800+30"]

1. e4 e5 2. Nf3 Nc6 3. Bb5 a6 4. Ba4 Nf6 5. d3 d6 6. O-O b5 7. Bb3 Be7 8. h3 O-O 9. c3 Na5 10. Bc2 c5 1/2-1/2

[Event "2nd Irena Warakomska Memorial-B"]
[Site "Suwalki"]
[Date "2018.08.05"]
[Round "6"]
[White "Marinc, Damir"]
[Black "Mazalon, Mariusz"]
[Result "1-0"]
[ECO "A43"]
[WhiteElo "1931"]
[BlackElo "2055"]
[Annotator "NA"]
[PlyCount "75"]
[EventDate "2018.08.01"]
[EventType "swiss"]
[EventCountry "POL"]
[SourceTitle "playchess.com"]
[Source "ChessBase"]
[SourceQuality "1"]
[TimeControl "40/5400+30:1800+30"]

1. d4 c5 2. d5 d6 3. c4 g6 4. Nc3 Bg7 5. e4 e6 6. Be2 Ne7 7. Nf3 O-O 8. h4 exd5 9. cxd5 Bg4 10. Be3 Nd7 11. Qd2 Bxf3 12. Bxf3 Ne5 13. Be2 f5 14. h5 a6 15. hxg6 hxg6 16. Bh6 Nf7 17. Bxg7 Kxg7 18. g4 f4 19. Qxf4 g5 20. Qd2 Ng6 21. O-O-O Nfe5 22. Rh2 Qf6 23. Rdh1 Rh8 24. Nd1 Rxh2 25. Rxh2 Rh8 26. Rh5 Nf4 27. Rxh8 Kxh8 28. Ne3 Nxe2+ 29. Qxe2 Qf4 30. Qd2 Qxe4 31. Qa5 Nd3+ 32. Kd2 Nf4 33. Qd8+ Kh7 34. Qd7+ Kg8 35. Qc8+ Kg7 36. Nf5+ Kf6 37. Qh8+ Kg6 38. Qg7# 1-0

[Event "2nd Irena Warakomska Memorial-B"]
[Site "Suwalki"]
[Date "2018.08.05"]
[Round "6"]
[White "Shamatava, Nikolozi"]
[Black "Zianowicz, Dominik"]
[Result "1-0"]
[ECO "E06"]
[WhiteElo "1676"]
[BlackElo "1950"]
[Annotator "NA"]
[PlyCount "73"]
[EventDate "2018.08.01"]
[EventType "swiss"]
[EventCountry "POL"]
[SourceTitle "playchess.com"]
[Source "ChessBase"]
[SourceQuality "1"]
[TimeControl "40/5400+30:1800+30"]

1. d4 d5 2. c4 e6 3. Nf3 Be7 4. g3 Nf6 5. Bg2 O-O 6. O-O dxc4 7. Qc2 c6 8. Qxc4 Nbd7 9. Qc2 Qc7 10. Nc3 a6 11. Bf4 Bd6 12. Bxd6 Qxd6 13. Na4 Re8 14. Rfd1 Qc7 15. Rac1 e5 16. d5 Nb8 17. Nd2 b5 18. Nc3 Bb7 19. Nde4 Nfd7 20. Nd6 Qxd6 21. dxc6 Qc7 22. cxb7 Ra7 23. Ne4 Qxc2 24. Rxc2 a5 25. Nd6 Rf8 26. Bd5 Nb6 27. Rc8 Nxd5 28. Rxd5 Ra6 29. Nf5 Re6 30. Rdd8 Nd7 31. Rxf8+ Nxf8 32. b8=Q h6 33. Rxf8+ Kh7 34. Nh4 g5 35. Rh8+ Kg7 36. Qf8+ Kf6 37. Rxh6# 1-0

[Event "2nd Irena Warakomska Memorial-B"]
[Site "Suwalki"]
[Date "2018.08.06"]
[Round "7"]
[White "Kindler, Przemyslaw"]
[Black "Marinc, Damir"]
[Result "1-0"]
[ECO "C00"]
[WhiteElo "2086"]
[BlackElo "1931"]
[Annotator "NA"]
[PlyCount "105"]
[EventDate "2018.08.01"]
[EventType "swiss"]
[EventCountry "POL"]
[SourceTitle "playchess.com"]
[Source "ChessBase"]
[SourceQuality "1"]
[TimeControl "40/5400+30:1800+30"]

1. e4 e6 2. d3 d5 3. Nd2 Nc6 4. g3 Nf6 5. Bg2 dxe4 6. Nxe4 Nxe4 7. Bxe4 Qf6 8. c3 e5 9. Be3 Bd6 10. h3 Qe7 11. g4 Nd8 12. Qf3 O-O 13. O-O-O Be6 14. Kb1 Qe8 15. Ne2 Qa4 16. Nc1 Bd7 17. d4 exd4 18. Rxd4 Qa6 19. Rhd1 Bc6 20. Nb3 Ne6 21. Qf5 Bxe4+ 22. Rxe4 Qe2 23. Kc1 Rad8 24. Bd4 Nxd4 25. Nxd4 Qa6 26. Kb1 Qb6 27. Nb3 g6 28. Qf3 a5 29. Rd5 Qc6 30. Qd3 Be7 31. Rxd8 Rxd8 32. Nd4 Bc5 33. f4 Bxd4 34. cxd4 Qd5 35. Qe3 Qb5 36. a3 a4 37. Kc2 Qc6+ 38. Kd2 Qb5 39. Qc3 c6 40. Ke1 Qd5 41. Qe3 Qa2 42. Qe2 Qb3 43. f5 Qxh3 44. Re8+ Rxe8 45. Qxe8+ Kg7 46. Qe5+ Kg8 47. f6 Qh4+ 48. Kd2 Qf2+ 49. Kc3 Qf3+ 50. Kb4 Qb3+ 51. Kc5 Qb5+ 52. Kd6 Qxe5+ 53. dxe5 1-0

[Event "2nd Irena Warakomska Memorial-B"]
[Site "Suwalki"]
[Date "2018.08.06"]
[Round "7"]
[White "Kowalec, Maciej"]
[Black "Samborski, Henryk"]
[Result "1/2-1/2"]
[ECO "E18"]
[WhiteElo "2065"]
[BlackElo "2098"]
[Annotator "NA"]
[PlyCount "46"]
[EventDate "2018.08.01"]
[EventType "swiss"]
[EventCountry "POL"]
[SourceTitle "playchess.com"]
[Source "ChessBase"]
[SourceQuality "1"]
[TimeControl "40/5400+30:1800+30"]

1. d4 Nf6 2. Nf3 e6 3. c4 b6 4. g3 Bb7 5. Bg2 Be7 6. O-O O-O 7. Nc3 Ne4 8. Bd2 c5 9. d5 exd5 10. Nxd5 Bxd5 11. cxd5 Nxd2 12. Nxd2 d6 13. e4 Bf6 14. Qc2 g6 15. f4 Nd7 16. Nc4 Bd4+ 17. Kh1 Nf6 18. Rae1 Rb8 19. Nxd6 Qxd6 20. e5 Qd7 21. exf6 Bxf6 22. f5 g5 23. b3 Rbe8 1/2-1/2

[Event "2nd Irena Warakomska Memorial-B"]
[Site "Suwalki"]
[Date "2018.08.06"]
[Round "7"]
[White "Nikitin, Aleksander I"]
[Black "Hrymowicz, Artur"]
[Result "1-0"]
[ECO "A05"]
[WhiteElo "2036"]
[BlackElo "2038"]
[Annotator "NA"]
[PlyCount "105"]
[EventDate "2018.08.01"]
[EventType "swiss"]
[EventCountry "POL"]
[SourceTitle "playchess.com"]
[Source "ChessBase"]
[SourceQuality "1"]
[TimeControl "40/5400+30:1800+30"]

1. Nf3 Nf6 2. g3 b6 3. Bg2 Bb7 4. d3 e6 5. e4 d5 6. e5 Nfd7 7. O-O Be7 8. Qe2 c5 9. c3 O-O 10. h4 Nc6 11. Re1 b5 12. Nbd2 Qb6 13. Nf1 a5 14. Bf4 b4 15. c4 dxc4 16. dxc4 Nd4 17. Nxd4 cxd4 18. Bxb7 Qxb7 19. Rad1 Bc5 20. Nd2 Qb6 21. Ne4 Rad8 22. Qg4 Kh8 23. Ng5 Be7 24. Nf3 Nb8 25. Bg5 Rfe8 26. Nxd4 Nd7 27. Nb5 Qc5 28. Nd6 Bxd6 29. Bxd8 Nxe5 30. Qe4 f6 31. Bxa5 Be7 32. Bxb4 Qxb4 33. b3 Bc5 34. Re2 Qc3 35. Kg2 h6 36. h5 Qa5 37. Kh3 Qb6 38. f4 Nc6 39. Rd7 f5 40. Qd3 Nb4 41. Qc3 Be7 42. Qf3 Bf6 43. a3 Qc6 44. Qxc6 Nxc6 45. b4 Nd4 46. Re3 Nc2 47. Red3 Ra8 48. c5 Nxa3 49. c6 Kh7 50. Rb7 Nc2 51. c7 Rc8 52. Rd7 Nxb4 53. Rxb4 1-0

[Event "2nd Irena Warakomska Memorial-B"]
[Site "Suwalki"]
[Date "2018.08.06"]
[Round "7"]
[White "Krasiewicz, Robert"]
[Black "Koziej, Maciej"]
[Result "0-1"]
[ECO "A11"]
[WhiteElo "1923"]
[BlackElo "2027"]
[Annotator "NA"]
[PlyCount "58"]
[EventDate "2018.08.01"]
[EventType "swiss"]
[EventCountry "POL"]
[SourceTitle "playchess.com"]
[Source "ChessBase"]
[SourceQuality "1"]
[TimeControl "40/5400+30:1800+30"]

1. c4 c6 2. g3 d5 3. Bg2 Nf6 4. Nf3 dxc4 5. a4 Be6 6. Na3 Na6 7. Ng5 Bf5 8. Nxc4 h6 9. Nxf7 Kxf7 10. Ne5+ Kg8 11. Qb3+ Kh7 12. Qxb7 Nc5 13. Qxc6 Rc8 14. Qb5 a6 15. Qc4 Nd3+ 16. exd3 Rxc4 17. dxc4 Qd4 18. f4 e6 19. Rf1 Bc5 20. a5 Ng4 21. Nxg4 Bxg4 22. h3 Bf5 23. Ra4 Bd3 24. Rf3 Be4 25. Re3 Bxg2 26. b4 Bc6 27. Raa3 Bxb4 28. Rab3 Qxc4 29. Bb2 Bb5 0-1